 Dungeon Crawl Stone Soup version 0.28-a0-1447-ga5a8893891 (webtiles) character file.

Game seed: 12216581350461345251

153 hashsling the Magician (level 5, 0/28 HPs)
             Began as a Deep Elf Hedge Wizard on Jan 11, 2022.
             Succumbed to a scorpion's poison
             ... on level 4 of the Dungeon.
             The game lasted 00:17:41 (4988 turns).

hashsling the Magician (Deep Elf Hedge Wizard)      Turns: 4988, Time: 00:17:42

Health: 0/28       AC:  3    Str:  7    XL:     5   Next: 12%
Magic:  0/14       EV: 12    Int: 21    God:
Gold:   104        SH:  0    Dex: 14    Spells: 10/14 levels left

rFire   . . .      SeeInvis +   g - +0 short sword
rCold   . . .      Faith    .   (no shield)
rNeg    . . .      Spirit   .   b - +0 robe
rPois   .          Reflect  .   c - +0 hat
rElec   .          Harm     .   o - +0 cloak
rCorr   .          Rampage  .   (no gloves)
Will    .....                   (no boots)
Stlth   ++........              (no amulet)
HPRegen 0.09/turn               l - ring of see invisible
MPRegen 0.14/turn               (no ring)

@: lethally poisoned (0 -> -4)
A: no striking features
a: no special abilities


You were on level 4 of the Dungeon.
You visited 1 branch of the dungeon, and saw 4 of its levels.

You collected 104 gold pieces.

Inventory:

Hand Weapons
 a - a +0 dagger
 g - a +0 short sword (weapon)
Missiles
 m - 99 stones
Armour
 b - a +0 robe (worn)
 c - a +0 hat (worn)
 o - a +0 cloak (worn)
Jewellery
 l - a ring of see invisible (left hand)
Scrolls
 f - 2 scrolls of identify
 h - a scroll of fog
 j - a scroll of fear {unknown}
 n - a scroll of enchant weapon {unknown}
 p - 2 scrolls of immolation {unknown}
 r - a scroll of teleportation {unknown}
Potions
 d - a potion of flight {unknown}
 e - a potion of haste {unknown}
 i - a potion of curing {unknown}
 k - a potion of mutation {unknown}
 q - a potion of invisibility {unknown}


   Skills:
 - Level 2.4 Dodging
 - Level 2.4 Stealth
 + Level 5.1 Spellcasting
 * Level 4.3 Conjurations
 + Level 1.8 Hexes
 - Level 1.1 Summonings
 + Level 2.1 Translocations


You had 10 spell levels left.
You knew the following spells:

 Your Spells              Type           Power      Damage    Failure   Level
a - Magic Dart            Conj           92%        1d7       1%          1
b - Slow                  Hex            52%        N/A       4%          1
c - Blink                 Tloc           28%        N/A       7%          2

Your spell library contained the following spells:

 Spells                   Type           Power      Damage    Failure   Level
 Call Imp                 Summ           10%        N/A       11%         2
 Conjure Flame            Conj/Fire      14%        6-21      13%         3
 Mephitic Cloud           Conj/Pois/Air  11%        N/A       19%         3


Dungeon Overview and Level Annotations

Branches:
Dungeon (4/15)
 Temple: D:4-7

Altars:
Zin

Annotations:
D:3 Sigmund


Message History

Your magical contamination has completely faded away.
You hit the scorpion but do no damage.
The scorpion is heavily wounded.
The scorpion stings you but does no damage.
The scorpion stings you!
You are poisoned.
The scorpion poisons you!
Okay, then.
You closely miss the scorpion.
The scorpion is heavily wounded.
You feel very sick. The scorpion stings you.
You hit the scorpion.
The scorpion is severely wounded.
You feel sick. The scorpion barely misses you.
You are too injured to fight recklessly!
You are too injured to fight recklessly!
Hit: g) +0 short sword
Press: ? - help, Dir - move target, f/p - scorpion
Aim: a scorpion (severely wounded, about 40% to evade your +0 short sword)
You hit the scorpion but do no damage.
The scorpion is severely wounded.
You feel sick. The scorpion stings you.
* * * LOW HITPOINT WARNING * * *
Aiming: Magic Dart (safe; 1% risk of failure)
Press: ? - help, Q - select action, (/) - cycle Shift-Dir - straight line, f/p - scorpion
Aim: a scorpion (severely wounded, 100% to hit)
The magic dart hits the scorpion.
The scorpion is almost dead.
You feel sick. The scorpion barely misses you. The scorpion stings you.
* * * LOW HITPOINT WARNING * * *
You are too injured to fight recklessly!
You are too injured to fight recklessly!
You don't have enough magic to cast this spell.
Hit: g) +0 short sword
Press: ? - help, Dir - move target, f/p - scorpion
Aim: a scorpion (almost dead, about 40% to evade your +0 short sword)
You closely miss the scorpion.
The scorpion is almost dead.
You die...

### ###
#.#######.#
#.........#
##.#######.# ....
#.# #.#s###
##s#### #.#@..#
#.....## # ###.#
#......# #
#......# #.
#......# #.
#......#
#.##....).#
#.#...#÷..#...#
#######
#.#.##.##.#.......
......†
#.#.##.##.#....)..


You could see a scorpion.

Vanquished Creatures
  An iguana (D:4)
  A howler monkey skeleton (D:4)
  A gnoll (D:2)
  2 adders
  5 worms
  2 dart slugs
  2 orcs
  4 bats
  11 endoplasms
  2 giant cockroaches (D:3)
  6 goblins
  3 hobgoblins
  3 jackals
  5 kobolds
  5 quokkas
  7 ball pythons
  2 frilled lizards
  7 rats
69 creatures vanquished.

Notes
Turn   | Place    | Note
-------+----------+-------------------------------------------
     0 | D:1      | hashsling the Deep Elf Hedge Wizard began the quest for the
                  | Orb.
     0 | D:1      | Reached XP level 1. HP: 10/10 MP: 7/7
     2 | D:1      | Learned a level 1 spell: Slow
   300 | D:1      | Reached XP level 2. HP: 15/15 MP: 5/9
   432 | D:1      | Found a faded altar of an unknown god.
  1529 | D:2      | Reached XP level 3. HP: 8/19 MP: 0/11
  1808 | D:1      | Learned a level 2 spell: Blink
  3025 | D:3      | Reached XP level 4. HP: 24/24 MP: 9/12
  3094 | D:3      | Reached skill level 1 in Hexes
  3246 | D:3      | Noticed Sigmund
  3500 | D:4      | Noticed a scorpion
  4274 | D:3      | Found a glowing silver altar of Zin.
  4274 | D:3      | Noticed an angel
  4726 | D:4      | Reached skill level 5 in Spellcasting
  4735 | D:4      | Reached XP level 5. HP: 9/28 MP: 4/14
  4987 | D:4      | HP: 1/28 [scorpion (6)]
  4988 | D:4      | Succumbed to a scorpion's poison

Illustrated notes

Levels and vault maps discovered:
D:1:      dpeg_arrival_fog, layout_basic, hellmonk_ecumenical_altar_arch_garden
D:2:      layout_loops_cross
D:3:      minmay_spotlight, layout_loops_ring, zin_angel, uniq_sigmund
D:4:      layout_basic, mainiacjoe_overflow_alcove_4, demons_altar,
          minmay_temple_entry_purple_smoke

Skill      XL: |  1  2  3  4 |
---------------+-------------+-----
Conjurations   | 2 3 4 |  4.3
Hexes          | 1 |  1.8
Spellcasting   | 5 |  5.1
Translocations | 2 |  2.1
Dodging        | |  2.4
Stealth        | |  2.4
Summonings     | |  1.1

Action                   |  1- 3 |  4- 6 || total
-------------------------+-------+-------++-------
Melee: Short sword       |    12 |    18 ||    30
       Dagger            |     2 |       ||     2
 Cast: Magic Dart        |   111 |    92 ||   203
       Slow              |     2 |     4 ||     6
       Blink             |     1 |     3 ||     4
  Use: Scroll            |     1 |     1 ||     2
Armor: Robe              |     4 |     5 ||     9
Dodge: Dodged            |    16 |    19 ||    35

Table legend: (Time is in decaauts)
 A = Elapsed time spent in this place.
 B = Non-inter-level travel time spent in this place.
 C = Inter-level travel time spent in this place.
 D = Time resting spent in this place.
 E = Time spent auto-exploring this place.
 F = Levels seen in this place.
 G = Mean time per level.
                   A        B        C        D        E       F      G
               +--------+--------+--------+--------+--------+-----+--------+
         Total |   4992 |   4769 |    223 |    261 |   3371 |   4 | 1248.0 |
       Dungeon |   4992 |   4769 |    223 |    261 |   3371 |   4 | 1248.0 |
               +--------+--------+--------+--------+--------+-----+--------+

Top non-repeatable levels by time:
     D:3: 1532 daAuts
     D:2: 1474 daAuts
     D:1: 1395 daAuts
     D:4: 589 daAuts
